 Dungeon Crawl Stone Soup version bcrawl-1.19.2-6-g6a88ae04c9 (webtiles) character file.

Game seed: 8152685629862647755

150 Mrkan the Shield-Bearer (level 5, -3/47 HPs)
             Began as a Minotaur Fighter on Dec 29, 2019.
             Was an Initiate of Nemelex Xobeh.
             Slain by a sky beast (5 damage)
             ... on level 4 of the Dungeon.
             The game lasted 00:03:07 (2939 turns).

Mrkan the Shield-Bearer (Minotaur Fighter)          Turns: 2939, Time: 00:03:07

Health: -3/47      AC:  9    Str: 21    XL:     5   Next: 10%
Magic:  4/4        EV:  8    Int:  5    God:    Nemelex Xobeh [......]
Gold:   151        SH:  9    Dex: 10    Spells: 4/4 levels left

rFire    . . .     SeeInvis .   a - +0 war axe
rCold    . . .     Gourm    .   c - +0 shield
rNeg     . . .     Faith    .   b - +0 scale mail
rPois    .         Spirit   .   (helmet restricted)
rElec    .         Reflect  .   j - +0 cloak
rCorr    .         Harm     .   (no gloves)
MR       .....                  l - +0 pair of boots
Stlth    ..........             (no amulet)
HPRegen  0.15/turn              (no ring)
MPRegen  0.09/turn              (no ring)

@: no status effects
A: retaliatory headbutt, horns 2
a: Draw Escape, Draw Destruction, Draw Summoning, Renounce Religion


You were on level 4 of the Dungeon.
You worshipped Nemelex Xobeh.
Nemelex Xobeh was noncommittal.
You were hungry.

You visited 1 branch of the dungeon, and saw 4 of its levels.

You collected 151 gold pieces.

Inventory:

Hand Weapons
 a - a +0 war axe (weapon)
Armour
 b - a +0 scale mail (worn)
 c - a +0 shield (worn)
 j - a +0 cloak (worn)
 l - a +0 pair of boots (worn)
Wands
 p - a wand of acid (8)
Scrolls
 e - a scroll of amnesia {unknown}
 g - 2 scrolls of magic mapping {unknown}
 h - a scroll of enchant armour {unknown}
 i - 6 scrolls of identify {unknown}
 n - a scroll of teleportation {unknown}
 o - 3 scrolls of remove curse {unknown}
 r - a scroll of fear {unknown}
Potions
 d - 2 potions of might
 k - a potion of brilliance {unknown}
 m - a potion of cancellation {unknown}
 q - a potion of curing {unknown}
Comestibles
 f - 9 rations {!d}
 s - 2 chunks of flesh


   Skills:
 + Level 4.3 Fighting
 * Level 4.2 Axes
 + Level 4.3 Armour
 - Level 1.3 Dodging
 + Level 4.4 Shields
 + Level 0.7 Invocations


You had 4 spell levels left.
You didn't know any spells.
Your spell library was empty.

Dungeon Overview and Level Annotations

Branches:
Dungeon (4/12)
 Temple: D:4-7

Altars:
Nemelex Xobeh

Shops:
D:4 }


Innate Abilities, Weirdness & Mutations

You reflexively headbutt those who attack you in melee.
You have a pair of horns on your head.


Message History

Something hits you. Something shocks you.
The phantom hits you but does no damage.
You hit something but do no damage. You headbutt something.
You hit the phantom. Something hits you. Something shocks you.
* * * LOW HITPOINT WARNING * * *
You block the phantom's attack.
You slash something! You miss the phantom.
Something hits you but does no damage.
The phantom hits you but does no damage.
The phantom hits you.
* * * LOW HITPOINT WARNING * * *
The phantom blinks!
Something hits you.
* * * LOW HITPOINT WARNING * * *
Something shocks you.
* * * LOW HITPOINT WARNING * * *
You hit something. Something hits you.
* * * LOW HITPOINT WARNING * * *
Something shocks you.
You die...
Your body disappears without a glow.

#. #.........#
..
#.........###
.#
#.....(.....#
#...........#
#...........#
#...........#
#..........##
###........##
.......@....#
##.....{....#
....%...>...#
.........(..#
............#
.....W........
..[.......#####
....#######


You could see a phantom.

Vanquished Creatures
  An orc priest (D:3)
  A river rat (D:3)
  2 adders (D:3)
  An ooze (D:2)
  4 worms
  2 dart slugs
  7 leopard geckos
  4 orcs
  3 giant cockroaches
  6 goblins
  11 hobgoblins
  A ball python (D:2)
  9 bats
  A frilled lizard (D:1)
  4 kobolds
  5 rats
62 creatures vanquished.

Notes
Turn   | Place    | Note
-------+----------+-------------------------------------------
     0 | D:1      | Mrkan the Minotaur Fighter began the quest for the Orb.
     0 | D:1      | Reached XP level 1. HP: 19/19 MP: 0/0
   108 | D:1      | Reached XP level 2. HP: 25/27 MP: 1/1
   927 | D:1      | Reached XP level 3. HP: 26/33 MP: 2/2
  1145 | D:2      | Reached skill level 1 in Dodging
  1690 | D:3      | Reached XP level 4. HP: 40/40 MP: 3/3
  1856 | D:3      | Found a sparkling altar of Nemelex Xobeh.
  1873 | D:3      | Became a worshipper of Nemelex Xobeh the Trickster
  2566 | D:3      | Reached XP level 5. HP: 32/47 MP: 4/4
  2889 | D:4      | Found Wiaxuss's Gadget Boutique.
  2917 | D:4      | Received a gift from Nemelex Xobeh
  2918 | D:4      | Noticed a phantom
  2929 | D:4      | Noticed a sky beast
  2939 | D:4      | HP: 2/47 [something (2)]
  2939 | D:4      | Slain by a sky beast

Skill      XL: |  1  2  3  4 |
---------------+-------------+-----
Axes           | 3 4 |  4.2
Fighting       | 4 |  4.3
Shields        | 4 |  4.4
Dodging        | 1 |  1.3
Armour         | 4 |  4.3
Invocations    | |  0.7

Action                   |  1- 3 |  4- 6 || total
-------------------------+-------+-------++-------
Melee: War axe           |   100 |    65 ||   165
       Headbutt          |    11 |    10 ||    21
  Eat: Chunk             |     3 |     3 ||     6
Armor: Scale mail        |    57 |    24 ||    81
Dodge: Dodged            |    42 |    17 ||    59
Block: Shield            |    68 |    33 ||   101
